 Dungeon Crawl Stone Soup version 0.30-a0-174-gbc10bd73c2 (webtiles) character file.

Game seed: 2897911156024047193

51 qw the Chopper (level 3, -2/23 HPs)
             Began as a Gargoyle Fighter on Oct 1, 2022.
             Slain by a gnoll
             ... wielding a +0 halberd
              (10 damage)
             ... on level 2 of the Dungeon.
             The game lasted 00:00:31 (785 turns).

qw the Chopper (Gargoyle Fighter)                    Turns: 785, Time: 00:00:32

Health: -2/23      AC: 12    Str: 21    XL:     3   Next: 81%
Magic:  3/3        EV:  7    Int:  8    God:
Gold:   44         SH:  4    Dex:  9    Spells: 2/2 levels left

rFire   . . .      SeeInvis .    Y - +0 war axe
rCold   . . .      Faith    .    c - +0 buckler
rNeg    + . .      Spirit   .    g - +0 chain mail
rPois   inf        Reflect  .    (no helmet)
rElec   +          Harm     .    (no cloak)
rCorr   .          Rampage  .    (no gloves)
Will    +....                    (no boots)
Stlth   ..........               (no amulet)
HPRegen 0.23/turn                h - ring of willpower
MPRegen 0.08/turn                (no ring)

@: no status effects
A: sickness immunity, AC +3, negative energy resistance 1, electricity
resistance, torment resistance 1, petrification resistance
a: no special abilities


You were on level 2 of the Dungeon.
You visited 1 branch of the dungeon, and saw 2 of its levels.

You collected 44 gold pieces.


Innate Abilities, Weirdness & Mutations

You are immune to sickness and miasma.
Your stone body is resilient. (AC +3)
You are immune to poison.
You resist negative energy. (rN+)
You are resistant to electric shocks. (rElec)
You are resistant to unholy torment.
You are immune to petrification.


   Skills:
 - Level 3.2 Fighting
 + Level 3.6 Axes
 - Level 3.2 Armour
 - Level 3.2 Shields


You had 2 spell levels left.
You didn't know any spells.
Your spell library was empty.

Inventory:

Hand Weapons
 j - a +0 mace
 Y - a +0 war axe (weapon)
Armour
 c - a +0 buckler (worn)
 g - a +0 chain mail (worn)
Jewellery
 h - a ring of willpower (left hand)
Potions
 d - a potion of might
 e - a potion of lignification

Dungeon Overview and Level Annotations

Branches:
Dungeon (2/15)

Altars:


Message History

You feel less wooden.
Your +0 chain mail unmelds from your body.
Done exploring.
754 ||| DROPPING scroll of poison.
You drop a scroll of poison.
Done exploring.
(D) Dungeon
Where to? (* - list waypoints, ? - help)
What level of the Dungeon? (default 1, ? - help)
You feel your willpower return.
There is a stone staircase leading down here.
You climb downwards.
The gnoll shouts! x3
Found a stone staircase leading up.
There is a stone staircase leading up here.
There are monsters nearby!
Existing waypoints: (2) D:1 Assign waypoint to what number? (0-9, D - delete waypoint) Waypoint 1 assigned to D:2.
A gnoll comes into view. It is wielding a +0 spear of venom.
The gnoll shouts!
The gnoll hits you from afar with a +0 halberd.
You block the gnoll's attack.
You barely miss the gnoll. You block the gnoll's attack.
You slash the gnoll!
The gnoll is almost dead.
You barely miss the gnoll. The gnoll hits you with a +0 club.
The gnoll hits you with a +0 halberd.
You slash the gnoll!
You kill the gnoll!
You closely miss the gnoll. You hit the gnoll but do no damage.
The gnoll hits you with a +0 whip. The gnoll barely misses you.
The gnoll closely misses you. The gnoll hits you but does no damage.
The gnoll hits you with a +0 whip. The gnoll hits you with a +0 halberd.
You hit the gnoll.
The gnoll is moderately wounded.
You hit the gnoll. The gnoll closely misses you.
The gnoll hits you with a +0 halberd!
You die...

##...#...
##.......
#.......#
#.......#
.^.....#
#.g...#
##g)g..##
#..@.<..#
#.......#
#.<.....#
##.....##
##...##
#####


You could see 3 gnolls.

Vanquished Creatures
  A gnoll (D:2)
  A dart slug (D:1)
  5 ball pythons (D:1)
  3 bats (D:1)
  4 endoplasms (D:1)
  A giant cockroach (D:1)
  4 hobgoblins (D:1)
  4 jackals (D:1)
  2 kobolds (D:1)
  A quokka (D:1)
  3 frilled lizards (D:1)
  3 goblins (D:1)
  3 rats (D:1)
35 creatures vanquished.

Notes
Turn   | Place    | Note
-------+----------+-------------------------------------------
     0 | D:1      | qw the Gargoyle Fighter began the quest for the Orb.
     0 | D:1      | Reached XP level 1. HP: 14/14 MP: 1/1
     0 | D:1      | 0 ||| qw: Version: 0.2-a-13-gfc7b4b4
     0 | D:1      | 0 ||| qw: Game counter: 1834
     0 | D:1      | 0 ||| qw: Always use a shield: true
     0 | D:1      | 0 ||| qw: God list: Okawaru
     0 | D:1      | 0 ||| qw: Allow faded altars: false
     0 | D:1      | 0 ||| qw: Do Orc after D:15 true
     0 | D:1      | 0 ||| qw: Do second Lair branch before Depths: true
     0 | D:1      | 0 ||| qw: Lair rune preference: random
     0 | D:1      | 0 ||| qw: Plans: Normal, Zot:1-4, God:TSO, Crypt, Tomb,
                  | Pan, Slime:5, Hells, Abyss, Orb
     0 | D:1      | 0 ||| PLANNING D:1-11
   162 | D:1      | Reached XP level 2. HP: 19/19 MP: 2/2
   184 | D:1      | 184 ||| Stepping ~*~*~tactically~*~*~ (stealth).
   185 | D:1      | 185 ||| Stepping ~*~*~tactically~*~*~ (stealth).
   216 | D:1      | 216 ||| Stepping ~*~*~tactically~*~*~ (stealth).
   266 | D:1      | 266 ||| Stepping ~*~*~tactically~*~*~ (stealth).
   268 | D:1      | 268 ||| Stepping ~*~*~tactically~*~*~ (stealth).
   277 | D:1      | Reached skill level 3 in Axes
   324 | D:1      | 324 ||| Stepping ~*~*~tactically~*~*~ (hiding).
   334 | D:1      | Reached XP level 3. HP: 23/23 MP: 3/3
   485 | D:1      | 485 ||| DROPPING +0 club.
   554 | D:1      | Found a faded altar of an unknown god.
   573 | D:1      | 573 ||| Stepping ~*~*~tactically~*~*~ (stealth).
   706 | D:1      | 706 ||| UPGRADING to +0 chain mail.
   716 | D:1      | 716 ||| DROPPING +0 scale mail.
   717 | D:1      | 717 ||| UPGRADING to ring of willpower.
   718 | D:1      | 718 ||| READING scroll labelled OZEMIP TUUSOTS.
   719 | D:1      | 719 ||| READING 2 scrolls labelled KIZENA NERA.
   720 | D:1      | 720 ||| DRINKING 2 bubbling cyan potions.
   754 | D:1      | 754 ||| DROPPING scroll of poison.
   785 | D:2      | Slain by a gnoll

Levels and vault maps discovered:
D:1:      dpeg_arrival_pits, layout_basic,
          hellmonk_ecumenical_altar_leap_of_faith, minmay_tripent
D:2:      layout_rooms, serial_shops, nicolae_shop_window_shopping, uniq_natasha

Skill      XL: |  1  2 |
---------------+-------+-----
Axes           | 2 3 |  3.6
Fighting       | |  3.2
Armour         | |  3.2
Shields        | |  3.2

Action                   || total
-------------------------++-------
Melee: War axe           ||   110
  Use: Scroll            ||     2
       Potion            ||     1
Armor: Scale mail        ||    67
       Chain mail        ||     1
Dodge: Dodged            ||    64
Block: Buckler           ||    21

Table legend:
 A = Non-vault XP
 B = Vault XP
 C = Vault XP percentage of total XP
 D = Non-vault monster count
 E = Vault monster count
 F = Vault count percentage of total count
                 A         B        C        D         E       F
            +---------+---------+-------+---------+---------+-------
      Total |      69 |       4 |   5.5 |      33 |       2 |   5.7
            +---------+---------+-------+---------+---------+-------
        D:1 |      54 |       4 |   6.9 |      32 |       2 |   5.9
        D:2 |      15 |       0 |   0.0 |       1 |       0 |   0.0
            +---------+---------+-------+---------+---------+-------
